 Dungeon Crawl Stone Soup version bcrawl-1.39.1 (webtiles) character file.

Game seed: 6983506349806809733

245302 Finalfun the Unseen (level 8, -1/46 HPs)
             Began as a Twilight Stalker Archaeologist on Sept 20, 2023.
             Slain by a water moccasin (6 damage)
             ... on level 5 of the Dungeon.
             The game lasted 00:20:34 (4296 turns).

Finalfun the Unseen (VSAc)                          Turns: 4296, Time: 00:20:34

Health: -1/46      AC:  8    Str: 15    XL:     8   Next: 25%
Magic:  9/9        EV: 12    Int: 14    God:
Gold:   256        SH:  0    Dex: 14    Spells: 7/7 levels left

rFire    . . .     GDR:     26% w - +1 dagger (venom)
rCold    . . .     SeeInvis .   (no shield)
rNeg     . . .     Gourm    .   h - +0 ring mail
rPois    .         Faith    .   d - +1 hat
rElec    .         Spirit   .   (no cloak)
rCorr    .         Reflect  .   (no gloves)
MR       .....                  n - +1 pair of boots
Stlth    +++++++...             (no amulet)
HPRegen  0.57/turn              (no ring)
MPRegen  0.11/turn              (no ring)

@: lethally poisoned (-1 -> -7), studying Stealth
A: fangs 3, nightstalker 1, regeneration 1, no potion heal 3, rot immunity,
draining bite, strong jaws, assimilated armour
a: no special abilities


You were on level 5 of the Dungeon.
You were not hungry.

You visited 1 branch of the dungeon, and saw 5 of its levels.

You collected 256 gold pieces.

Inventory:

Hand Weapons
 b - a +0 blowgun
 w - a +1 dagger of venom (weapon)
Missiles
 f - 2 curare-tipped needles
 p - 45 exploding tomahawks (quivered)
 t - 68 poisoned needles
Armour
 d - a +1 hat (worn)
 h - a +0 ring mail (worn)
 n - a +1 pair of boots (worn)
 q - a +0 scale mail
Wands
 r - a wand of acid (11)
 s - a wand of iceblast (21)
Scrolls
 c - a scroll of enchant armour
 g - a scroll of revelation
 i - 3 scrolls of identify
 j - 3 scrolls of remove curse
 l - 3 scrolls of amnesia {unknown}
 o - 3 scrolls of teleportation {unknown}
Potions
 k - a potion of lignification {unknown}
 m - 3 potions of brilliance {unknown}
 v - a potion of flight {unknown}
 x - a potion of curing {unknown}
Comestibles
 a - 2 chunks of flesh
 e - 7 rations {!d}


   Skills:
 - Level 3.0 Fighting
   Level 1.4 Long Blades
   Level 1.1 Maces & Flails
 - Level 3.4 Dodging
 + Level 16.0 Stealth


You had 7 spell levels left.
You didn't know any spells.
Your spell library was empty.

Dungeon Overview and Level Annotations

Branches:
Dungeon (5/12)
 Temple: D:4-7

Altars:
Ashenzari
Kikubaaqudgha
Trog
Xom

Annotations:
D:2 Jessica


Innate Abilities, Weirdness & Mutations

You have razor-sharp teeth.
You are slightly more attuned to the shadows.
Your natural rate of healing is unusually fast.
Potions cannot restore your health.
You are immune to rotting.
Your bite drains your enemy's life force.
Your bites deal extra damage.
Your stealth is less affected by armour.


Message History

The water moccasin bites you.
* * * LOW HITPOINT WARNING * * *
You are lethally poisoned!
The water moccasin poisons you!
You barely miss the water moccasin. You bite the water moccasin!
Your bite drains the water moccasin!
The water moccasin is almost dead.
* * * LOW HITPOINT WARNING * * *
You feel sick. The water moccasin barely misses you.
You miss the water moccasin.
The water moccasin is almost dead.
* * * LOW HITPOINT WARNING * * *
You feel sick.
The water moccasin bites you but does no damage.
The water moccasin closely misses you.
You hit the water moccasin.
The water moccasin is almost dead.
* * * LOW HITPOINT WARNING * * *
You feel sick. The water moccasin bites you.
You die...

##### #### #...# #.# ..# ...#
#...# #.# ####.# ...###...# #.#
..#.# #+# .....'...# ### #.#
#.#.# #.#
##.###.†.#####.###.####.#.####.##
.....>........................)))
##.#...#........@S..........)..).
.......+..............#.#.###.###
####..##..............+.......#
.......#..............#.##.#[.#
####...+..............+........
#.<.#......#.......#.# ##..#
#...#......#.......#.# #..#
#.#...###########.....
#.#...###########+#.##.##


You could see a water moccasin.

Vanquished Creatures
  2 phantoms (D:4)
  A centaur (D:5)
  A scorpion (D:4)
  A howler monkey (D:4)
  An orc priest (D:5)
  7 crimson imps
  A bullfrog skeleton (D:4)
  3 orc wizards
  2 iguanas (D:4)
  2 worker ants
  A mummy (D:4)
  5 adders
  6 gnolls
  2 shadow imps (D:5)
  An adder zombie (D:5)
  2 adder skeletons
  A dart slug (D:4)
  4 leopard geckos
  19 orcs
  A ball python (D:1)
  4 giant cockroaches
  12 hobgoblins
  11 jackals
  A quokka (D:2)
  2 bats
  2 frilled lizards
  4 goblins
  A goblin zombie (D:4)
  A hobgoblin zombie (D:4)
  A jackal zombie (D:4)
  9 kobolds
  5 rats
116 creatures vanquished.

Vanquished Creatures (others)
  A human (D:2)
1 creature vanquished.

Grand Total: 117 creatures vanquished

Notes
Turn   | Place    | Note
-------+----------+-------------------------------------------
     0 | D:1      | Finalfun the Vine Stalker Archaeologist began the quest for
                  | the Orb.
     0 | D:1      | Reached XP level 1. HP: 11/11 MP: 2/2
    62 | D:1      | Reached skill level 1 in Maces & Flails
   120 | D:1      | Reached skill level 1 in Fighting
   276 | D:1      | Reached XP level 2. HP: 16/16 MP: 3/3
   685 | D:1      | Reached XP level 3. HP: 22/22 MP: 4/4
   977 | D:2      | Reached skill level 1 in Long Blades
  1020 | D:2      | Found an ancient bone altar of Kikubaaqudgha.
  1030 | D:2      | Noticed a human
  1031 | D:2      | Killed a human
  1088 | D:2      | Found a bloodstained altar of Trog.
  1145 | D:2      | Reached XP level 4. HP: 27/27 MP: 5/5
  1385 | D:2      | Found a shattered altar of Ashenzari.
  1456 | D:2      | Noticed Jessica
  1895 | D:3      | Reached skill level 5 in Stealth
  2152 | D:3      | Reached XP level 5. HP: 32/32 MP: 6/6
  2152 | D:3      | Identified a scroll of acquirement
  2152 | D:3      | Identified the +7 hand crossbow of Valiance {penet, -Tele
                  | rC+ Str+3 Stlth+} (You acquired it on level 3 of the
                  | Dungeon)
  2152 | D:3      | Identified the ring of Foddioq {rF+ MR+ Int+4} (You
                  | acquired it on level 3 of the Dungeon)
  2175 | D:3      | Found an ancient bone altar of Kikubaaqudgha.
  2372 | D:4      | Noticed a phantom
  2379 | D:3      | Reached skill level 6 in Stealth
  2453 | D:4      | Found a shimmering altar of Xom.
  2518 | D:4      | Reached skill level 8 in Stealth
  2580 | D:3      | Reached skill level 9 in Stealth
  2580 | D:3      | Gained mutation: You have razor-sharp teeth. [Vine Stalker
                  | growth]
  2580 | D:3      | Reached XP level 6. HP: 30/37 MP: 7/7
  2791 | D:4      | Reached skill level 10 in Stealth
  3032 | D:4      | Killed a phantom
  3033 | D:4      | Reached skill level 11 in Stealth
  3091 | D:4      | Reached skill level 12 in Stealth
  3091 | D:4      | Reached XP level 7. HP: 36/41 MP: 8/8
  3162 | D:4      | Reached skill level 13 in Stealth
  3243 | D:4      | Reached skill level 14 in Stealth
  3609 | D:4      | Gained mutation: Your bite drains your enemy's life force.
                  | [Twilight Stalker growth]
  3609 | D:4      | Gained mutation: Your stealth is less affected by armour.
                  | [Twilight Stalker growth]
  3609 | D:4      | Gained mutation: You are slightly more attuned to the
                  | shadows. [Twilight Stalker growth]
  3609 | D:4      | Reached XP level 8. HP: 41/46 MP: 8/9
  3878 | D:5      | Entered Level 5 of the Dungeon
  3885 | D:5      | Reached skill level 15 in Stealth
  4274 | D:5      | Reached skill level 16 in Stealth
  4296 | D:5      | Slain by a water moccasin

Skill      XL: |  1  2  3  4  5  6  7  8 |
---------------+-------------------------+-----
Maces & Flails | 1 |  1.1
Fighting       | 1 2 3 |  3.0
Long Blades    | 1 |  1.4
Stealth        | 5 9 12 14 16 | 16.0
Dodging        | |  3.4

Action                   |  1- 3 |  4- 6 |  7- 9 || total
-------------------------+-------+-------+-------++-------
Melee: Whip              |    64 |       |       ||    64
       Bite              |    12 |    19 |    22 ||    53
       Falchion          |    75 |   243 |       ||   318
       Short sword       |       |    28 |   146 ||   174
       Dagger            |       |       |    33 ||    33
 Fire: Blowgun           |     4 |       |       ||     4
Throw: Tomahawk          |       |    11 |    14 ||    25
  Use: Scroll            |     1 |     2 |       ||     3
 Stab: Sleeping          |     6 |     1 |     6 ||    13
       Distracted        |       |     1 |     2 ||     3
  Eat: Chunk             |     5 |    10 |     6 ||    21
       Ration            |       |     1 |     1 ||     2
Armor: Leather armour    |    51 |    17 |       ||    68
       Robe              |     1 |       |       ||     1
       Ring mail         |       |    86 |    63 ||   149
Dodge: Dodged            |   109 |   190 |    90 ||   389
